 Dungeon Sprint DCSS version 0.18.1-50-g88ac8fd (webtiles) character file.

153 CPP the Basher (level 5, -9/53 HPs)
             Began as a Minotaur Berserker on Feb 27, 2017.
             Was an Elder of Trog.
             Mangled by a rust devil (12 damage)
             ... summoned by a kobold demonologist
             ... in the Dungeon (Sprint III: "The Ten Rune Challenge").
             The game lasted 00:01:49 (230 turns).

CPP the Basher (Minotaur Berserker)                  Turns: 230, Time: 00:01:49

Health: -9/53      AC: -9    Str: 22    XL:     5   Next: 12%
Magic:  4/4        EV: 13    Int:  4    God:    Trog [****..]
Gold:   26         SH:  0    Dex: 10    Spells: 0 memorised, 4 levels left

rFire  . . .     SeeInvis .     a - +0 mace
rCold  . . .     Gourm    .     b - +0 animal skin
rNeg   . . .     Faith    .     (no shield)
rPois  .         Spirit   .     (helmet restricted)
rElec  .         Dismiss  .     (no cloak)
rCorr  .         Reflect  .     (no gloves)
SustAt .         Harm     .     (no boots)
MR     ++...     NoTele   +     (no amulet)
Stlth  +.........               (no ring)
                                (no ring)

@: exhausted, corroded, regenerating, slowed, drained, very slow, very resistant
to hostile enchantments, very unstealthy
A: retaliatory headbutt, horns 2
a: Berserk, Trog's Hand, Brothers in Arms, Burn Spellbooks, Renounce Religion


You were in the Dungeon.
You worshipped Trog.
Trog was greatly pleased with you.
You were not hungry.

You visited 1 branch You collected 26 gold pieces.

Inventory:

Hand Weapons
 a - a +0 mace (weapon)
Armour
 b - a +0 animal skin (worn)
Scrolls
 i - a scroll of blinking
 m - 2 scrolls of torment {unknown}
 n - a scroll of recharging {unknown}
 o - 3 scrolls of remove curse
 r - a scroll of identify {unknown}
Potions
 d - a potion of curing
 e - a potion of heal wounds
 f - a potion of haste
 g - 2 potions of magic
 h - a potion of berserk rage
 j - 3 potions of cure mutation
 k - a potion of agility {unknown}
 q - a potion of cancellation {unknown}
 s - a potion of degeneration {unknown}
Comestibles
 c - 2 bread rations
 p - a royal jelly


   Skills:
 + Level 8.2(8.0) Fighting
 + Level 8.5(8.2) Maces & Flails
 + Level 4.3(4.1) Armour
 + Level 5.1(4.8) Dodging


You had 4 spell levels left.
You didn't know any spells.

Dungeon Overview and Level Annotations

Branches:
Dungeon (1/1)

Altars:
Kikubaaqudgha
Sif Muna
Vehumet


Innate Abilities, Weirdness & Mutations

You reflexively headbutt those who attack you in melee.
You have a pair of horns on your head.


Message History

You feel the effects of Trog's Hand fading.
The rust devil hits you!
* * * LOW HITPOINT WARNING * * *
The rust devil corrodes you!
The kobold demonologist barely misses you.
You are too injured to fight recklessly!
The spellbook bursts into flames.
Trog is delighted!
You can now call in reinforcements.
You feel slightly more hungry. The rust devil hits you!
* * * LOW HITPOINT WARNING * * *
The rust devil corrodes you!
The kobold demonologist hits you but does no damage.
You feel drained. The rust devil hits you.
* * * LOW HITPOINT WARNING * * *
The rust devil corrodes you!
The kobold demonologist looks braver for a moment.
Your skin crawls.
You feel resistant to hostile enchantments.
You feel slightly more hungry. The rust devil hits you!
You die...

##.......#..#..#
.##.##...#..#..###+#+###
.##.###..##'#..#........
####.##..###...'.⌠......
##..##.†####...#...#####
....##..###....#.⌠.#
#..##...##.....#...#
..##....#......#'###
.###..##.#.....#@4$# .#
#..#####....#_K_# ▓▓
▓▓▓▓ ▓▓▓▓▓▓▓▓▓▓


You could see a rust devil and a kobold demonologist.

Vanquished Creatures
  A water elemental (D)
  A scorpion (D)
  A wizard (D)
  A human (D)
  2 oozes (D)
  2 rats (D)
8 creatures vanquished.

Vanquished Creatures (others)
  2 draconian scorchers (D)
  A yaktaur (D)
3 creatures vanquished.

Grand Total: 11 creatures vanquished

Notes
Turn   | Place    | Note
--------------------------------------------------------------
     0 | D        | CPP the Minotaur Berserker began the quest for the Orb.
     0 | D        | Reached XP level 1. HP: 19/19 MP: 0/0
    14 | D        | Reached XP level 2. HP: 24/28 MP: 1/1
    31 | D        | Reached ** piety under Trog
    31 | D        | Reached skill level 5 in Fighting
    53 | D        | Noticed a scorpion
    53 | D        | Killed a yaktaur
    56 | D        | Killed a scorpion
    56 | D        | Reached XP level 3. HP: 38/38 MP: 2/2
    70 | D        | Reached *** piety under Trog
    70 | D        | Reached XP level 4. HP: 26/45 MP: 3/3
   142 | D        | Killed a white draconian scorcher
   203 | D        | Gained mutation: Your body sometimes deteriorates upon taking damage. [potion of mutation]
   203 | D        | Gained mutation: You are frail (-10% HP). [potion of mutation]
   203 | D        | Gained mutation: You have sharp toenails. [potion of mutation]
   204 | D        | Gained mutation: You are partially covered in rough black scales (AC +4, Dex -1). [potion of mutation]
   204 | D        | Lost mutation: You have sharp toenails. [potion of mutation]
   205 | D        | Gained mutation: Your spells are a little harder to cast, but a little more powerful. [potion of mutation]
   205 | D        | Lost mutation: Your spells are a little harder to cast, but a little more powerful. [potion of mutation]
   205 | D        | Gained mutation: You occasionally shout uncontrollably at your foes. [potion of mutation]
   206 | D        | Lost mutation: You are frail (-10% HP). [potion of cure mutation]
   206 | D        | Lost mutation: You occasionally shout uncontrollably at your foes. [potion of cure mutation]
   206 | D        | Lost mutation: You are partially covered in rough black scales (AC +4, Dex -1). [potion of cure mutation]
   206 | D        | Lost mutation: Your body sometimes deteriorates upon taking damage. [potion of cure mutation]
   212 | D        | Noticed a water elemental
   219 | D        | Killed a water elemental
   224 | D        | Found a radiant altar of Vehumet.
   224 | D        | Found a deep blue altar of Sif Muna.
   224 | D        | Found an ancient bone altar of Kikubaaqudgha.
   225 | D        | Reached skill level 5 in Dodging
   225 | D        | Reached XP level 5. HP: 14/53 MP: 4/4
   225 | D        | Killed a white draconian scorcher
   227 | D        | Noticed a rust devil
   229 | D        | Reached **** piety under Trog
   229 | D        | HP: 1/53 [rust devil[a kobold demonologist] (2)]
   230 | D        | Mangled by a rust devil

Skill      XL: |  1  2  3  4 |
---------------+-------------+-----
Fighting       | 4 6 8 |  8.2
Maces & Flails | 4 6 8 |  8.5
Armour         | 3 4 |  4.3
Dodging        | 3 4 5 |  5.1

Action                   |  1- 3 |  4- 6 || total
-------------------------+-------+-------++-------
Melee: Mace              |    19 |     6 ||    25
       Headbutt          |     4 |       ||     4
Invok: Trog's Hand       |       |     2 ||     2
       Berserk           |       |     1 ||     1
       Burn Spellbooks   |       |     1 ||     1
  Use: Potion            |       |     4 ||     4
Armor: Animal skin       |     1 |       ||     1
Dodge: Dodged            |    19 |     8 ||    27
